 Dungeon Crawl Stone Soup version 0.25-a0-503-ge281fa673e (webtiles) character file.

Game seed: 17244533210466011663, levelgen mode: deterministic

25598 BeastOfSaturn the Protected (level 12, -5/88 HPs)
             Began as a Demonspawn Venom Mage on Feb 13, 2020.
             Was a High Priest of Dithmenos.
             Slain by an orc knight
             ... wielding a +2 war axe of draining
              (31 damage)
             ... on level 9 of the Dungeon.
             The game lasted 01:34:22 (19393 turns).

BeastOfSaturn the Protected (DsVM)                 Turns: 19393, Time: 01:34:22

Health: -5/88      AC: 13    Str: 16    XL:     12   Next: 90%
Magic:  21/21      EV: 30    Int: 21    God:    Dithmenos [*****.]
Gold:   931        SH:  8    Dex: 19    Spells: 11/23 levels left

rFire    + . .     SeeInvis +   a - +5 scimitar (drain)
rCold    + . .     Gourm    .   j - +0 kite shield
rNeg     . . .     Faith    .   r - +0 ring mail
rPois    +         Spirit   .   (helmet restricted)
rElec    .         Reflect  .   (no cloak)
rCorr    .         Harm     .   p - +2 pair of gloves
MR       +....                  (no boots)
Stlth    +++.......             k - amulet of the acrobat
HPRegen  0.24/turn              s - ring "Vefinoxo" {rC+ MR+ Slay+3 SInv}
MPRegen  0.17/turn              G - +5 ring of intelligence

@: agile, about to teleport, acrobat, wreathed by umbra, heavily drained
A: antennae 2, yellow scales 2, demonic guardian 1, fire resistance 1, poison
resistance, powered by pain 2, strong 1, wild magic 1
a: Shadow Step, Shadow Form, Renounce Religion


You were on level 9 of the Dungeon.
You worshipped Dithmenos.
Dithmenos was extremely pleased with you.
You were not hungry.

You visited 4 branches of the dungeon, and saw 17 of its levels.

You collected 1147 gold pieces.
You spent 216 gold pieces at shops.

Inventory:

Hand Weapons
 a - a +5 scimitar of draining (weapon)
 n - the +7 scimitar of Prudence {antimagic, Dex+5}
   (You bought it in a shop on level 5 of the Dungeon)

   It reduces the magical energy of the wielder, and disrupts the spells and
   magical abilities of those hit.
   Natural abilities and divine invocations are not affected.
   It affects your dexterity (+5).
 q - a +4 vorpal flail
 v - a +4 rapier of freezing
Missiles
 B - 119 arrows (quivered)
Armour
 j - a +0 kite shield (worn)
 p - a +2 pair of gloves (worn)
 r - a +0 ring mail (worn)
 J - a +0 helmet
 M - a +3 chain mail
Jewellery
 k - an amulet of the acrobat (around neck)
 s - the ring "Vefinoxo" (left hand) {rC+ MR+ Slay+3 SInv}
   (You found it on level 4 of the Dungeon)

   [ring of protection from magic]

   It affects your accuracy and damage with ranged weapons and melee attacks
   (+3).
   It protects you from cold.
   It affects your resistance to hostile enchantments.
   It lets you see invisible.
 G - a +5 ring of intelligence (right hand)
 N - an uncursed ring of fire
 O - a +3 ring of intelligence
Wands
 f - a wand of acid (6)
 x - a wand of polymorph (19)
 C - a wand of disintegration (19)
 D - a wand of iceblast (3)
 P - a wand of digging (5)
 Q - a wand of flame (27)
 U - a wand of random effects (15)
Scrolls
 d - 2 scrolls of identify
 h - 5 scrolls of immolation
 l - 10 scrolls of teleportation
 m - a scroll of enchant armour {unknown}
 o - 3 scrolls of fog
 t - a scroll of magic mapping
 u - a scroll of fear {unknown}
 y - 5 scrolls of remove curse
 A - a scroll of blinking
 K - 2 scrolls of enchant weapon
 L - a scroll of noise {unknown}
Potions
 b - a potion of degeneration
 e - a potion of ambrosia
 g - 5 potions of lignification
 i - 10 potions of curing
 w - a potion of magic {unknown}
 z - a potion of might {unknown}
 E - a potion of brilliance {unknown}
 F - a potion of haste
 I - 2 potions of invisibility
 R - 2 potions of agility {unknown}
 S - a potion of flight {unknown}
Comestibles
 c - 6 rations


   Skills:
 - Level 6.0(4.5) Fighting
 - Level 6.0(6.4) Short Blades
 + Level 8.3(7.6) Long Blades
 - Level 5.4(3.9) Maces & Flails
 * Level 9.6(7.9) Armour
 + Level 5.3(3.8) Dodging
 - Level 1.7(0.4) Stealth
 * Level 2.7(1.4) Shields
 - Level 0.1(0.0) Unarmed Combat
 - Level 6.0(4.5) Spellcasting
 + Level 3.1(1.7) Conjurations
 - Level 0.8(0.0) Transmutations
 - Level 9.0(7.3) Poison Magic
 - Level 5.0(3.5) Invocations
 + Level 0.1(0.0) Evocations


You had 11 spell levels left.
You knew the following spells:

 Your Spells              Type           Power        Failure   Level  Hunger
a - Sting                 Tmut/Pois      ####         34%         1    None
b - Poisonous Vapours     Pois/Air       ####..       45%         2    #......
c - Mephitic Cloud        Conj/Pois/Air  ###.....     75%         3    ##.....
d - Olgreb's Toxic Radia  Pois           #####...     56%         4    ####...
e - Sticks to Snakes      Tmut           #.......     90%         2    #......

Your spell library contained the following spells:

 Spells                   Type           Power        Failure   Level  Hunger
 Spider Form              Tmut/Pois      ####......   67%         3    ##.....
 Beastly Appendage        Tmut           #.....       82%         1    None
 Ignite Poison            Fire/Tmut/Pois ###.....     83%         3    ##.....
 Ice Form                 Ice/Tmut       #.......     100%        4    ####...
 Blade Hands              Tmut           #.........   100%        5    ######.
 Irradiate                Conj/Tmut      ##........   100%        5    ######.
 Hydra Form               Tmut           #.........   100%        6    #######
 Statue Form              Tmut/Erth      #........    100%        6    #######
 Dragon Form              Tmut           #.........   100%        7    #######


Dungeon Overview and Level Annotations

Branches:
Dungeon (10/15)            Temple (1/1) D:5            Lair (4/6) D:8
 Shoals (0/4) Lair:3       Spider (0/4) Lair:2          Orc (2/2) D:9
    Elf: Orc:2

Altars:
Ashenzari
Cheibriados
Dithmenos
Elyvilon
Fedhas
Gozag
Hepliaklqana
Kikubaaqudgha
Makhleb
Nemelex Xobeh
Okawaru
Qazlal
Ru
Sif Muna
Trog
Uskayaw
Vehumet
Wu Jian
Xom
Yredelemnul
Zin
The Shining One

Shops:
D:5 (   D:7 (   D:9 %

Annotations:
D:4 1 runed translucent door, Crazy Yiuf, Menkaure
D:7 2 transporters, Gargoyl's ghost, novice CeAK; Grum


Innate Abilities, Weirdness & Mutations

You have a pair of antennae on your head.
You are mostly covered in yellow scales. (AC +3)
A weak demonic guardian rushes to your aid.
Your flesh is heat resistant. (rF+)
You sometimes gain power by taking damage.
Your system is resistant to poisons. (rPois)
Your muscles are strong. (Str +2)
Your spells are a little harder to cast, but a little more powerful.


Message History

You focus on the pain.
You feel more agile all of a sudden. The orc knight completely misses you.
The orc knight hits you with a +0 battleaxe!!
* * * LOW HITPOINT WARNING * * *
There is a staircase back to the Dungeon here.
You block the orc knight's attack.
The orc knight barely misses your shadow imp.
The orc knight closely misses you.
You riposte.
You hit the orc knight.
The orc knight is lightly wounded.
The orc knight hits your shadow imp with a +0 battleaxe!!
Your shadow imp dies!
You climb upwards.
Welcome back to the Dungeon!
There is a staircase to the Orcish Mines here.
As you read the scroll of teleportation, it crumbles to dust.
You feel strangely unstable. The orc knight barely misses you.
You riposte.
You slash the orc knight! You drain the orc knight.
The orc knight is moderately wounded.
The orc knight hits you with a +2 war axe of draining!!
You die...

###.# # #.# #.# #.#
### ### ### ###
#######.###8###.###.#
#≈§≈.#...#...#...#...
#≈≈..#..............)
#§>o@'..............!
#≈§o.#...............
#§§§.#...#...#...#...
#######8###8###8###8#
### ### ### ###


You could see 2 orc knights.

Vanquished Creatures
  An ettin (Orc:2)
  A hydra (Lair:2)
  5 death yaks
  A two-headed ogre (D:9)
  Pikel (D:7)
  A black mamba (Lair:3)
  5 elephants (Lair:3)
  Psyche (D:8)
  A rime drake (Lair:3)
  3 spiny frogs
  2 komodo dragons (Lair:2)
  9 blink frogs (Lair:3)
  4 hippogriffs
  Eustachio (D:5)
  29 yaks
  3 wyverns
  A wraith (D:10)
  A basilisk (Lair:3)
  3 wargs (Orc:2)
  Edmund (D:4)
  A soldier ant (D:10)
  2 water moccasins
  An acid dragon (D:10)
  12 orc warriors
  4 porcupines
  An ice beast (D:9)
  A black bear (D:8)
  A sky beast (D:8)
  A necrophage (D:10)
  A slave (D:7)
  An eye of draining (D:10)
  3 centaurs
  12 ogres
  2 crocodiles
  2 big kobolds
  10 bullfrogs
  2 scorpions
  Dowan (D:4)
  15 killer bees
  7 wights (D:9)
  A crimson imp (D:9)
  2 jellies
  A centaur zombie (D:5)
  5 hounds
  11 orc wizards
  2 gnoll shamans
  8 orc priests
  4 iguanas
  Natasha (twice) (D:4)
  9 worker ants
  2 hound zombies (D:9)
  2 howler monkey zombies
  13 gnolls
  11 adders
  2 shadow imps
  2 oozes
  3 adder skeletons
  An adder zombie (D:6)
  4 worms
  2 dart slugs
  6 leopard geckos
  35 orcs
  5 giant cockroaches
  8 goblins
  15 hobgoblins
  11 jackals
  4 quokkas
  A ball python (D:6)
  A ball python skeleton (D:3)
  10 bats
  4 frilled lizards
  11 kobolds
  13 rats
365 creatures vanquished.

Vanquished Creatures (collateral kills)
  A death yak (Lair:1)
  An elephant (Lair:3)
  3 spiny frogs
  Grinder (D:6)
  A hippogriff (Lair:2)
  3 yaks
  Duvessa (D:4)
  An orc priest (D:10)
  An orc wizard (D:6)
  Natasha (D:4)
  A leopard gecko (D:9)
  A giant cockroach (Lair:2)
  2 kobolds (D:9)
18 creatures vanquished.

Vanquished Creatures (others)
  A bullfrog (D:7)
  A worker ant (D:7)
  4 fungi
  7 plants
13 creatures vanquished.

Grand Total: 396 creatures vanquished

Notes
Turn   | Place    | Note
-------+----------+-------------------------------------------
     0 | D:1      | BeastOfSaturn the Demonspawn Venom Mage began the quest for
                  | the Orb.
     0 | D:1      | Reached XP level 1. HP: 13/13 MP: 3/3
   438 | D:1      | Gained mutation: You are partially covered in yellow
                  | scales. (AC +2) [demonic ancestry]
   438 | D:1      | Reached XP level 2. HP: 19/19 MP: 3/5
   459 | D:1      | Learned a level 2 spell: Poisonous Vapours
  1568 | D:2      | Gained mutation: You sometimes gain a little power by
                  | taking damage. [demonic ancestry]
  1568 | D:2      | Reached XP level 3. HP: 5/24 MP: 1/6
  1968 | D:2      | Learned a level 3 spell: Mephitic Cloud
  2226 | D:2      | Reached skill level 1 in Armour
  2566 | D:2      | Found a stormy altar of Qazlal.
  2708 | D:2      | Reached XP level 4. HP: 30/30 MP: 3/8
  4176 | D:4      | Noticed Natasha
  4181 | D:4      | Killed Natasha
  4181 | D:4      | Gained mutation: A weak demonic guardian rushes to your
                  | aid. [demonic ancestry]
  4181 | D:4      | Reached XP level 5. HP: 35/35 MP: 0/9
  4282 | D:4      | Found a shimmering altar of Xom.
  4311 | D:4      | Noticed Natasha
  4319 | D:4      | Killed Natasha
  4674 | D:4      | Reached skill level 1 in Maces & Flails
  4799 | D:4      | Noticed Edmund
  4817 | D:4      | Killed Edmund
  4817 | D:4      | Gained mutation: You are mostly covered in yellow scales.
                  | (AC +3) [demonic ancestry]
  4817 | D:4      | Reached XP level 6. HP: 36/42 MP: 1/11
  4835 | D:4      | Got a bound bone ring
  4836 | D:4      | Identified the ring "Vefinoxo" {rC+ MR+ Slay+3 SInv} (You
                  | found it on level 4 of the Dungeon)
  4886 | D:4      | Noticed Natasha
  4892 | D:4      | Killed Natasha
  5022 | D:4      | Found a runed translucent door.
  5023 | D:4      | Noticed Crazy Yiuf
  5081 | D:4      | Noticed Dowan
  5089 | D:4      | Killed Dowan
  5089 | D:4      | Reached skill level 1 in Fighting
  5094 | D:4      | Noticed Duvessa
  5107 | D:4      | Killed Duvessa
  5306 | D:4      | Found a snail-covered altar of Cheibriados.
  5319 | D:4      | Noticed Menkaure
  5699 | D:5      | Entered Level 5 of the Dungeon
  6000 | D:5      | Noticed Eustachio
  6014 | D:5      | Killed Eustachio
  6014 | D:5      | Gained mutation: You have a pair of small antennae on your
                  | head. [demonic ancestry]
  6014 | D:5      | Reached XP level 7. HP: 46/48 MP: 2/13
  6058 | D:5      | Reached skill level 5 in Poison Magic
  6251 | D:5      | Found a sacrificial altar of Ru.
  6255 | D:5      | Found Ingod's Antique Weapon Emporium.
  6267 | D:5      | Reached skill level 1 in Short Blades
  6510 | D:5      | Found a staircase to the Ecumenical Temple.
  6530 | Temple   | Entered the Ecumenical Temple
  6594 | Temple   | Became a worshipper of Dithmenos the Shadowed
  6870 | D:6      | Learned a level 4 spell: Olgreb's Toxic Radiance
  6901 | D:6      | Gained mutation: You sometimes gain power by taking damage.
                  | [demonic ancestry]
  6901 | D:6      | Reached XP level 8. HP: 54/56 MP: 8/14
  6927 | D:6      | Noticed Grinder
  6963 | D:6      | Killed Grinder
  7292 | D:6      | Found an ornate altar of the Wu Jian Council.
  7345 | D:6      | Learned a level 2 spell: Sticks to Snakes
  7431 | D:5      | Bought a translucent scimitar for 216 gold pieces
  7431 | D:5      | Identified the +7 scimitar of Prudence {antimagic, Dex+5}
                  | (You bought it in a shop on level 5 of the Dungeon)
  7599 | D:6      | Found a shimmering blue altar of Sif Muna.
  7600 | D:6      | Found an ancient bone altar of Kikubaaqudgha.
  7693 | D:6      | You fall into a shaft and drop 3 floors!
  7696 | D:9      | Found a glowing golden altar of the Shining One.
  7706 | D:9      | Reached * piety under Dithmenos
  7762 | D:9      | Noticed a hippogriff
  7770 | D:9      | Killed a hippogriff
  7770 | D:9      | Reached skill level 1 in Long Blades
  7770 | D:9      | Reached skill level 5 in Armour
  7896 | D:9      | Found Otsibue's Food Boutique.
  7953 | D:9      | Noticed a two-headed ogre
  8032 | D:8      | Noticed a hippogriff
  8042 | D:8      | Killed a hippogriff
  8042 | D:8      | Gained mutation: You have a pair of antennae on your head.
                  | [demonic ancestry]
  8042 | D:8      | Reached XP level 9. HP: 53/63 MP: 1/16
  8198 | D:8      | Reached skill level 5 in Spellcasting
  8278 | D:8      | Noticed Psyche
  8295 | D:8      | Killed Psyche
  8344 | D:8      | Reached skill level 1 in Conjurations
  8616 | D:7      | Noticed Pikel
  8626 | D:7      | Killed Pikel
  8649 | D:7      | Found a hazy altar of Hepliaklqana.
  8653 | D:7      | Noticed a green ugly thing
  8734 | D:7      | Found an iron altar of Okawaru.
  8801 | D:7      | Noticed Gargoyl's ghost (novice CeAK)
  8825 | D:7      | Found a transporter.
  8835 | D:7      | Noticed Grum
  8841 | D:7      | Identified the ring "Vesa" {*Slow rElec Int+3 SInv Stlth+}
  8896 | D:7      | Found a transporter.
  8910 | D:7      | Found Kinkodoc's Weapon Emporium.
  8990 | D:7      | Reached ** piety under Dithmenos
  8990 | D:7      | Reached skill level 5 in Short Blades
  9296 | D:8      | Reached XP level 10. HP: 56/71 MP: 19/19
  9792 | D:8      | Found a staircase to the Lair.
  9968 | D:8      | Found a white marble altar of Elyvilon.
 10466 | D:8      | Gained mutation: Your muscles are strong. (Str +2) [potion
                  | of mutation]
 10466 | D:8      | Gained mutation: Your spells are a little harder to cast,
                  | but a little more powerful. [potion of mutation]
 10466 | D:8      | Gained mutation: Your system is resistant to poisons.
                  | (rPois) [potion of mutation]
 10510 | Lair:1   | Entered Level 1 of the Lair of Beasts
 10561 | Lair:1   | Noticed a spiny frog
 10570 | Lair:1   | Killed a spiny frog
 10693 | Lair:1   | Found a sparkling altar of Nemelex Xobeh.
 11003 | Lair:1   | Noticed a spiny frog
 11009 | Lair:1   | Killed a spiny frog
 11851 | Lair:2   | Noticed a four-headed hydra
 11857 | Lair:2   | Noticed a death yak
 11859 | Lair:2   | Killed a four-headed hydra
 11864 | Lair:2   | Noticed a death yak
 12055 | Lair:2   | Noticed a death yak
 12055 | Lair:2   | Noticed a death yak
 12071 | Lair:1   | Killed a death yak
 12429 | Lair:2   | Gained mutation: Your flesh is heat resistant. (rF+)
                  | [demonic ancestry]
 12429 | Lair:2   | Reached XP level 11. HP: 62/78 MP: 16/20
 12736 | Lair:2   | Found a hole to the Spider Nest.
 12760 | Lair:2   | Noticed a death yak
 12760 | Lair:2   | Noticed a death yak
 12777 | Lair:2   | Killed a death yak
 12777 | Lair:2   | Reached skill level 5 in Maces & Flails
 12821 | Lair:1   | Killed a death yak
 13252 | D:9      | Reached *** piety under Dithmenos
 13335 | D:9      | Reached skill level 5 in Fighting
 13815 | D:9      | Killed a two-headed ogre
 13970 | D:9      | Found a glowing silver altar of Zin.
 14146 | D:9      | Found a staircase to the Orcish Mines.
 14201 | D:10     | Entered Level 10 of the Dungeon
 14549 | D:10     | Reached **** piety under Dithmenos
 14888 | D:10     | Reached skill level 1 in Invocations
 15423 | D:10     | Reached skill level 5 in Dodging
 15818 | Lair:1   | Killed a death yak
 15818 | Lair:1   | Reached XP level 12. HP: 48/88 MP: 9/21
 15820 | Lair:1   | Killed a death yak
 16006 | Lair:1   | Killed a death yak
 16006 | Lair:1   | Reached skill level 5 in Long Blades
 17003 | Lair:3   | Found a staircase to the Shoals.
 17387 | Lair:3   | Reached skill level 5 in Invocations
 17396 | Lair:3   | Reached ***** piety under Dithmenos
 17618 | Lair:3   | Reached skill level 1 in Shields
 18228 | Lair:4   | Noticed a seven-headed hydra
 18391 | Orc:1    | Entered Level 1 of the Orcish Mines
 18448 | Orc:2    | Entered Level 2 of the Orcish Mines
 18478 | Orc:2    | Noticed an ettin
 18518 | Orc:2    | Killed an ettin
 19393 | D:9      | Slain by an orc knight

Levels and vault maps discovered:
D:1:      moated_graveyard_arrival, layout_loops_ring, serial_forest,
          infiniplex_forest_fountain, infiniplex_forest_straight_2,
          infiniplex_forest_clump_double, infiniplex_forest_split,
          infiniplex_forest_lined_3, hangedman_decor_push
D:2:      layout_basic, nicolae_qazlal_general_emergency
D:3:      layout_basic
D:4:      layout_loops_ring, kennysheep_slug_shrine, lemuel_crystal_altar,
          uniq_edmund, uniq_crazy_yiuf_cottage, uniq_natasha, uniq_menkaure,
          uniq_duvessa
D:5:      layout_loops_ring, lemuel_crystal_altar, minmay_temple_entry_ruins,
          serial_shops, shop, first_ration, kennysheep_generic_room_13,
          uniq_eustachio
D:6:      layout_loops_ring, nicolae_overflow_crystal_walls, minitemple,
          minmay_misc_feat_nine_boxes, kennysheep_potato, uniq_grinder
D:7:      layout_rooms, overflow_temple_1_default, kennysheep_okawaru_gauntlet,
          serial_shops, shop, gammafunk_ghost_gnarly_gnolls, zaba_anthole,
          uniq_pikel
D:8:      layout_basic, elyvilon_altar_3, lair_entry_dummy,
          serial_co_window_serial, co_window_paths_b, co_window_paths_b,
          co_window_paths_a, co_window_paths_b, co_window_paths_a,
          co_window_of_opportunity_a, co_window_paths_b, co_window_paths_c,
          co_window_2corner, co_window_corner_ca, co_window_corner_b,
          co_window_broadway_b, co_window_paths_c, co_window_broadway_a,
          glass_columns_a, grunt_ogre_cave, uniq_psyche
D:9:      layout_loops_ring, tso_metal_star, zin_academy, david_orc_4,
          serial_shops, shop_statue, kennysheep_generic_room_9
D:10:     layout_long_grid
Temple:   eino_wide_crystal_templ
Lair:1:   layout_gridlike, basic_altar, wad_woods_road_02
Lair:2:   layout_gridlike, nicolae_spider_entry_non_spiders
Lair:3:   layout_regular_city, minmay_shoals_entry_centaurs, grunt_megastairs_5
Lair:4:   layout_regular_city, grunt_forest_large_clearing_hut,
          grunt_megastairs_4, minmay_lair_oklob_chamber, uniq_rupert
Orc:1:    layout_diamond_mine
Orc:2:    st_orc_town, layout_caves

Skill      XL: |  1  2  3  4  5  6  7  8  9 10 11 12 |
---------------+-------------------------------------+-----
Dodging        | 2 3 4 5 |  5.3
Armour         | 1 2 3 5 6 7 8 9 |  9.6
Spellcasting   | 3 4 6 |  6.0
Poison Magic   | 4 5 6 7 9 |  9.0
Maces & Flails | 1 2 4 5 |  5.4
Fighting       | 1 2 3 4 6 |  6.0
Short Blades   | 2 3 5 6 |  6.0
Long Blades    | 1 4 8 |  8.3
Conjurations   | 1 2 3 |  3.1
Invocations    | 3 5 |  5.0
Shields        | 2 |  2.7
Stealth        | |  1.7
Unarmed Combat | |  0.1
Transmutations | |  0.8
Evocations     | |  0.1

Action                   |  1- 3 |  4- 6 |  7- 9 | 10-12 || total
-------------------------+-------+-------+-------+-------++-------
Melee: Unarmed           |    64 |    28 |       |       ||    92
       Mace              |       |    78 |       |       ||    78
       Flail             |       |    19 |       |   135 ||   154
       Rapier            |       |       |   221 |    46 ||   267
       Scimitar          |       |       |    16 |   267 ||   283
 Cast: Sting             |    32 |    25 |     6 |    34 ||    97
       Poisonous Vapours |    26 |    45 |    25 |    52 ||   148
       Mephitic Cloud    |       |     2 |     7 |    18 ||    27
       Olgreb's Toxic Ra |       |       |    10 |    36 ||    46
       Sticks to Snakes  |       |       |       |    10 ||    10
Evoke: Wand              |       |       |       |     2 ||     2
  Use: Scroll            |       |     3 |     6 |    12 ||    21
       Potion            |       |       |     2 |     3 ||     5
 Stab: Sleeping          |       |     3 |       |     1 ||     4
       Confused          |       |     2 |     1 |     7 ||    10
       Distracted        |       |       |       |     1 ||     1
  Eat: Ration            |     2 |     3 |     4 |    10 ||    19
       Chunk             |     1 |     4 |     2 |     2 ||     9
Armor: Robe              |    22 |    35 |       |       ||    57
       Ring mail         |       |     8 |    51 |   128 ||   187
Dodge: Dodged            |    57 |   120 |   115 |   403 ||   695
Block: Kite shield       |       |       |       |    17 ||    17
       Rpst.: Scimitar   |       |       |     2 |    78 ||    80

Table legend:
 A = Non-vault XP
 B = Vault XP
 C = Vault XP percentage of total XP
 D = Non-vault monster count
 E = Vault monster count
 F = Vault count percentage of total count
                 A         B        C        D         E       F
            +---------+---------+-------+---------+---------+-------
      Total |   31867 |    4702 |  12.9 |     327 |      55 |  14.4
            +---------+---------+-------+---------+---------+-------
        D:1 |      37 |       0 |   0.0 |      20 |       0 |   0.0
        D:2 |      65 |       0 |   0.0 |      22 |       0 |   0.0
        D:3 |      85 |       0 |   0.0 |      33 |       0 |   0.0
        D:4 |     177 |     355 |  66.7 |       8 |       5 |  38.5
        D:5 |     298 |     214 |  41.8 |      13 |       1 |   7.1
        D:6 |     587 |     332 |  36.1 |      22 |       2 |   8.3
        D:7 |     637 |     748 |  54.0 |      17 |       6 |  26.1
        D:8 |    2457 |     533 |  17.8 |      32 |       2 |   5.9
        D:9 |    2528 |     642 |  20.3 |      36 |      17 |  32.1
       D:10 |    5260 |       0 |   0.0 |      40 |       0 |   0.0
     Lair:1 |    5418 |     218 |   3.9 |      11 |       2 |  15.4
     Lair:2 |    4218 |     116 |   2.7 |      14 |       7 |  33.3
     Lair:3 |    8445 |     495 |   5.5 |      34 |       2 |   5.6
      Orc:2 |    1655 |    1049 |  38.8 |      25 |      11 |  30.6
            +---------+---------+-------+---------+---------+-------
